 Dungeon Crawl Stone Soup version 0.25.1-8-g42b30a86e7 (webtiles) character file.

Game seed: 9622996492367663738

15313 Clowwww the Cleaver (level 12, -2/94 HPs)
             Began as a Demonspawn Fighter on Dec 8, 2020.
             Was a Priest of Ashenzari.
             Slain by Snorg (11 damage)
             ... on level 11 of the Dungeon.
             The game lasted 00:30:00 (10471 turns).

Clowwww the Cleaver (Demonspawn Fighter)           Turns: 10471, Time: 00:30:02

Health: -2/94      AC: 17    Str: 20    XL:     12   Next: 0%
Magic:  0/12       EV: 14    Int: 24    God:    Ashenzari [***...]
Gold:   483        SH: 10    Dex: 13    Spells: 11/11 levels left

rFire    . . .     SeeInvis +   o - +5 broad axe of Ambiguity {freeze, rN++ Int+7} (curse)
rCold    . . .     Gourm    .   c - +0 kite shield
rNeg     + + +     Faith    .   a - +1 scale mail of Eternal Vigilance {Slay+5} (curse)
rPois    +         Spirit   +   (no helmet)
rElec    .         Reflect  .   g - +2 cloak {MR+} (curse)
rCorr    .         Harm     .   t - +0 pair of gloves
MR       +....                  u - +2 pair of boots (curse)
Stlth    +.........             (no amulet)
HPRegen  0.25/turn              w - ring "Tydesch" {*Corrode rPois rN++ Int+6} (curse)
MPRegen  0.13/turn              (no ring)

@: no status effects
A: talons 1, repulsion field 2, magic shield
a: Curse Item, Scrying, Renounce Religion


You were on level 11 of the Dungeon.
You worshipped Ashenzari.
Ashenzari was most pleased with you.
You were hungry.

You visited 1 branch of the dungeon, and saw 11 of its levels.
You also visited: Ossuary.

You collected 699 gold pieces.
You spent 216 gold pieces at shops.

Inventory:

Hand Weapons
 o - the cursed +5 broad axe of Ambiguity (weapon) {freeze, rN++ Int+7}
   (You bought it in a shop on level 4 of the Dungeon)

   It has been specially enchanted to freeze those struck by it, causing extra
   injury to most foes and up to half again as much damage against particularly
   susceptible opponents.
   It can also slow down cold-blooded creatures.
   It affects your intelligence (+7).
   It greatly protects you from negative energy.
   It has a curse placed upon it.
Missiles
 E - 2 throwing nets (quivered)
Armour
 a - the cursed +1 scale mail of Eternal Vigilance (worn) {Slay+5}
   (You found it on level 4 of the Dungeon)

   It affects your accuracy and damage with ranged weapons and melee attacks
   (+5).
   It has a curse placed upon it.
 b - a +0 scale mail
 c - a +0 kite shield (worn)
 g - a cursed +2 cloak of magic resistance (worn)
 t - a +0 pair of gloves (worn)
 u - a cursed +2 pair of boots (worn)
Jewellery
 w - the cursed ring "Tydesch" (left hand) {*Corrode rPois rN++ Int+6}
   (You found it on level 5 of the Dungeon)

   [ring of poison resistance]

   It affects your intelligence (+6).
   It protects you from poison.
   It greatly protects you from negative energy.
   It may corrode you when you take damage.
   It has a curse placed upon it.
 x - an uncursed ring of protection from cold
 D - an uncursed ring of ice
 H - an uncursed ring of poison resistance
Wands
 d - a wand of paralysis (8)
 e - a wand of digging (8)
 s - a wand of random effects (14)
 A - a wand of iceblast (9)
 F - a wand of flame (10)
 J - a wand of acid (9)
Scrolls
 j - 2 scrolls of blinking
 k - 4 scrolls of remove curse
 p - 4 scrolls of teleportation
 v - 2 scrolls of fog
 y - 6 scrolls of identify
 z - 2 scrolls of magic mapping
 B - 2 scrolls of enchant weapon
 I - a scroll of brand weapon {unknown}
Potions
 h - 2 potions of flight
 i - a potion of resistance
 l - 4 potions of curing
 m - 2 potions of cancellation
 n - a potion of ambrosia
 q - 3 potions of brilliance
 r - 3 potions of heal wounds
 C - 2 potions of haste
Comestibles
 f - 16 rations
 G - 3 chunks of flesh


   Skills:
 + Level 8.8 Fighting
 + Level 12.8(15.3) Axes
 + Level 6.9(8.8) Armour
 + Level 4.1(5.9) Dodging
 + Level 3.1 Stealth
 + Level 6.2 Shields
 + Level 0.4 Evocations


You had 11 spell levels left.
You didn't know any spells.
Your spell library contained the following spells:

 Spells                   Type           Power        Failure   Level  Hunger
 Animate Skeleton         Necr           N/A          73%         1    ##.....
 Apportation              Tloc           #.....       73%         1    ##.....
 Corona                   Hex            #......      73%         1    ##.....
 Summon Small Mammal      Summ           #...         73%         1    ##.....


Dungeon Overview and Level Annotations

Branches:
Dungeon (11/15)            Temple (0/1) D:6            Lair (0/6) D:8
Ossuary (visited)
    Orc: D:9-12

Altars:
Ashenzari
Cheibriados
Dithmenos
Fedhas
Gozag
Okawaru
Ru
Sif Muna
Trog

Shops:
D:4 (

Annotations:
D:9 2 transporters, Vourgh's ghost, novice MiAK
D:11 Snorg


Innate Abilities, Weirdness & Mutations

You have sharp toenails.
You are surrounded by a moderate repulsion field. (EV +3)
When hurt, damage is shared between your health and your magic reserves.


Message History

Snorg barely misses you. Snorg claws you! You block Snorg's attack.
You hit Snorg. You freeze Snorg.
Snorg is severely wounded.
You block Snorg's attack. Snorg claws you!
* * * LOW HITPOINT WARNING * * *
You block Snorg's attack. Snorg bites you.
* * * LOW HITPOINT WARNING * * *
Snorg closely misses you. Snorg completely misses you.
You feel much better. You block Snorg's attack. Snorg claws you!
* * * LOW HITPOINT WARNING * * *
Snorg claws you.
* * * LOW HITPOINT WARNING * * *
You hit Snorg. You freeze Snorg.
Snorg is severely wounded.
Snorg bites you!
* * * LOW HITPOINT WARNING * * *
Snorg claws you.
* * * LOW HITPOINT WARNING * * *
Snorg claws you but does no damage. Snorg bites you!
You die...

*
############
* ,
#..........#
* *
#.########.#
, #.# #.# *
* #.# #.# ,
, , #.# #@#
* * #.#
#..T..# *,
,, , #.#
#.?...#**
.### #.#
#.....# , ,
,.... #.#
#.....#,, ,
.... #.#
#.....# ,
....
#######.#
#.....#, *
.###
#.......#
#.....# , ,.
#.####### *
** , #


You could see Snorg (berserk).

Vanquished Creatures
  Harold (D:8)
  Erica (D:10)
  A two-headed ogre (D:11)
  Nergalle (D:11)
  The ghost of DungeonDestroyer the Shield-Bearer, a novice GnFi of Xom (D:7)
  Pikel (D:7)
  A cyclops (D:11)
  Maurice (D:8)
  3 trolls
  A hornet (D:9)
  Grinder (D:4)
  2 wyverns (D:11)
  Sigmund (D:2)
  A human (D:9)
  4 hogs (D:9)
  9 yaks
  A hungry ghost (D:10)
  Menkaure (D:5)
  Edmund (D:5)
  The ghost of Morgoth2127 the Grave Robber, an amateur DENe (D:4)
  2 water moccasins
  3 sky beasts
  2 ice beasts
  4 ogres
  3 orc warriors
  2 phantoms
  7 centaurs
  3 wolves (D:8)
  An elf zombie (D:6)
  Blork the orc (D:5)
  6 bullfrogs
  2 elf skeletons (D:6)
  5 scorpions
  15 killer bees
  7 wights
  6 howler monkeys
  3 electric eels (D:8)
  3 centaur zombies (Ossuary)
  4 bullfrog zombies
  5 crimson imps
  9 hounds
  3 bullfrog skeletons
  6 orc priests
  Crazy Yiuf (D:3)
  4 jellies
  A quasit (D:8)
  2 centaur skeletons
  9 orc wizards
  Ijyb (D:3)
  A human skeleton (D:6)
  3 iguanas
  Natasha (thrice) (D:4)
  15 worker ants
  A hound skeleton (D:5)
  A hound zombie (Ossuary)
  15 mummies (Ossuary)
  A howler monkey zombie (Ossuary)
  A worker ant zombie (D:8)
  6 gnolls
  18 adders
  3 oozes
  An adder zombie (Ossuary)
  An adder skeleton (D:8)
  A worm (D:4)
  A dart slug (D:2)
  3 leopard geckos
  26 orcs
  2 ball pythons (D:1)
  3 giant cockroaches
  8 goblins
  6 hobgoblins
  9 jackals
  9 quokkas
  A bat (D:2)
  4 frilled lizards
  A giant cockroach zombie (Ossuary)
  A jackal zombie (Ossuary)
  5 kobolds
  A leopard gecko zombie (Ossuary)
  2 orc skeletons (D:6)
  A quokka skeleton (D:4)
  2 quokka zombies (Ossuary)
  2 rats
312 creatures vanquished.

Vanquished Creatures (others)
  2 slaves (D:7)
  A wight (D:7)
  4 toadstools (D:3)
  3 withered plants (Ossuary)
10 creatures vanquished.

Grand Total: 322 creatures vanquished

Notes
Turn   | Place    | Note
-------+----------+-------------------------------------------
     0 | D:1      | Clowwww the Demonspawn Fighter began the quest for the Orb.
     0 | D:1      | Reached XP level 1. HP: 18/18 MP: 1/1
   303 | D:1      | Gained mutation: When hurt, damage is shared between your
                  | health and your magic reserves. [demonic ancestry]
   303 | D:1      | Reached XP level 2. HP: 23/24 MP: 2/2
   802 | D:2      | Reached skill level 2 in Axes
   977 | D:2      | Gained mutation: You have sharp toenails. [demonic
                  | ancestry]
   977 | D:2      | Reached XP level 3. HP: 29/29 MP: 3/3
   986 | D:2      | Noticed Sigmund
   995 | D:2      | Killed Sigmund
   995 | D:2      | Reached skill level 3 in Axes
   995 | D:2      | Reached skill level 1 in Dodging
   995 | D:2      | Reached XP level 4. HP: 35/35 MP: 4/4
   995 | D:2      | Reached XP level 5. HP: 41/41 MP: 5/5
  1475 | D:2      | Found a sacrificial altar of Ru.
  1475 | D:2      | Found a snail-covered altar of Cheibriados.
  1480 | D:2      | Found a shattered altar of Ashenzari.
  1482 | D:2      | Found a shadowy altar of Dithmenos.
  1483 | D:2      | Found a faded altar of an unknown god.
  1491 | D:2      | Became a worshipper of Ashenzari the Shackled
  2015 | D:3      | Found a runed translucent door.
  2016 | D:3      | Noticed Crazy Yiuf
  2091 | D:3      | Reached XP level 6. HP: 47/47 MP: 6/6
  2091 | D:3      | Noticed Ijyb
  2099 | D:3      | Paralysed by Ijyb for 4 turns
  2107 | D:3      | Killed Ijyb
  2273 | D:3      | Found an iron altar of Okawaru.
  2273 | D:3      | Found a bloodstained altar of Trog.
  2500 | D:3      | Reached * piety under Ashenzari
  2585 | D:3      | Killed Crazy Yiuf
  2585 | D:3      | Reached skill level 4 in Axes
  2707 | D:4      | Found an opulent altar of Gozag.
  2933 | D:4      | HP: 1/48 [ogre/+0 giant spiked club (11)]
  2936 | D:4      | Gained mutation: You are surrounded by a mild repulsion
                  | field. (EV +2) [demonic ancestry]
  2936 | D:4      | Reached XP level 7. HP: 28/54 MP: 0/7
  3081 | D:4      | Noticed Grinder
  3101 | D:4      | Killed Grinder
  3101 | D:4      | Reached skill level 5 in Axes
  3101 | D:4      | Reached skill level 1 in Stealth
  3250 | D:4      | Noticed Natasha
  3264 | D:4      | Killed Natasha
  3365 | D:4      | Found Rurutse's Antique Weapon Shop.
  3370 | D:4      | Bought a smoking broad axe for 216 gold pieces
  3370 | D:4      | Identified the +5 broad axe of Ambiguity {freeze, rN++
                  | Int+7} (You bought it in a shop on level 4 of the Dungeon)
  3484 | D:4      | Got the cursed scale mail of Eternal Vigilance {Slay+5}
  3495 | D:4      | Identified the cursed +1 scale mail of Eternal Vigilance
                  | {Slay+5} (You found it on level 4 of the Dungeon)
  3569 | D:4      | Found a runed translucent gate.
  3569 | D:4      | Found a runed translucent gate.
  3569 | D:4      | Found a runed translucent gate.
  3571 | D:4      | Noticed Morgoth2127's ghost (amateur DENe)
  3577 | D:4      | Killed Morgoth2127's ghost
  3577 | D:4      | Gained mutation: You are surrounded by a moderate repulsion
                  | field. (EV +3) [demonic ancestry]
  3577 | D:4      | Reached XP level 8. HP: 58/61 MP: 6/8
  3613 | D:4      | Noticed Natasha
  3626 | D:4      | Killed Natasha
  3661 | D:4      | Noticed Natasha
  3665 | D:4      | Killed Natasha
  3920 | D:4      | Found a blossoming altar of Fedhas.
  4138 | D:5      | Entered Level 5 of the Dungeon
  4146 | D:5      | Reached skill level 6 in Axes
  4151 | D:5      | Noticed Edmund
  4165 | D:5      | Killed Edmund
  4165 | D:5      | Reached skill level 5 in Fighting
  4218 | D:5      | Noticed Menkaure
  4228 | D:5      | Killed Menkaure
  4435 | D:5      | Identified the ring "Tydesch" {*Corrode rPois rN++ Int+6}
  4443 | D:5      | Noticed Blork the orc
  4451 | D:5      | Killed Blork the orc
  4573 | D:5      | Reached skill level 5 in Armour
  4831 | D:6      | Reached skill level 7 in Axes
  4924 | D:6      | Found a staircase to the Ecumenical Temple.
  4930 | D:6      | Reached XP level 9. HP: 68/68 MP: 9/9
  5083 | D:6      | Found a sand-covered staircase.
  5088 | Ossuary  | Entered an ossuary
  5129 | Ossuary  | Reached skill level 8 in Axes
  6072 | D:7      | Reached skill level 9 in Axes
  6464 | D:7      | Noticed Pikel
  6474 | D:7      | Killed Pikel
  6474 | D:7      | Reached XP level 10. HP: 75/77 MP: 10/10
  6650 | D:7      | Found a runed translucent gate.
  6650 | D:7      | Found a runed translucent gate.
  6650 | D:7      | Found a runed translucent gate.
  6665 | D:7      | Noticed DungeonDestroyer's ghost (novice GnFi)
  6677 | D:7      | Killed DungeonDestroyer's ghost
  6677 | D:7      | Reached skill level 10 in Axes
  6839 | D:7      | Found a shimmering blue altar of Sif Muna.
  6990 | D:8      | Reached ** piety under Ashenzari
  7078 | D:8      | Reached skill level 5 in Shields
  7085 | D:8      | Noticed Harold
  7089 | D:8      | Noticed Maurice
  7107 | D:8      | Killed Harold
  7146 | D:8      | Killed Maurice
  7611 | D:8      | Found a staircase to the Lair.
  8499 | D:9      | Reached skill level 11 in Axes
  8593 | D:9      | Reached XP level 11. HP: 79/84 MP: 9/11
  9039 | D:9      | Noticed Vourgh's ghost (novice MiAK)
  9040 | D:9      | Identified the ring "Egunn" {+Blink Int+2 Dex+4 Stlth+}
  9043 | D:9      | Found a transporter.
  9051 | D:9      | Found a transporter.
  9282 | D:10     | Entered Level 10 of the Dungeon
  9499 | D:10     | Noticed Erica
  9510 | D:10     | Killed Erica
  9561 | D:10     | Found a sacrificial altar of Ru.
  9704 | D:10     | Reached skill level 12 in Axes
  9965 | D:11     | Reached *** piety under Ashenzari
  9997 | D:11     | Noticed Nergalle
 10009 | D:11     | Killed Nergalle
 10243 | D:11     | Noticed a two-headed ogre
 10249 | D:11     | Killed a two-headed ogre
 10454 | D:11     | Noticed Snorg
 10463 | D:11     | Reached XP level 12. HP: 80/94 MP: 8/12
 10471 | D:11     | Slain by Snorg

Illustrated notes

Levels and vault maps discovered:
D:1:      sevenhm_arrival_forest_fort_small_3, layout_basic, minmay_crystal_room
D:2:      layout_basic, chequers_temple_overflow_minitemple, uniq_sigmund
D:3:      layout_loops_ring, gammafunk_temple_overflow_elements,
          chequers_garden, kennysheep_donut, minmay_gold_behind_fungi,
          uniq_ijyb, uniq_crazy_yiuf_cottage
D:4:      layout_loops_ring, fedhas_altar_4, ebering_ghost_rock_garden,
          serial_shops, shop, first_ration, nicolae_gozag_seed_capital,
          uniq_natasha, uniq_grinder
D:5:      layout_basic, uniq_menkaure, uniq_edmund, uniq_blork_the_orc
D:6:      layout_loops_ring, temple_statues, nicolae_ossuary_entry_catacombs
D:7:      layout_rooms, led_sif_book, ebering_ghost_rock_garden, uniq_pikel
D:8:      layout_loops_ring, erik_lair_island, uniq_maurice, uniq_harold
D:9:      layout_loops_ring, gammafunk_ghost_berserking_beasts, grunt_livestock
D:10:     layout_rooms, nicolae_ru_path_of_blood, uniq_erica
D:11:     layout_basic, orc_0_dummy, uniq_snorg, uniq_nergalle

Skill      XL: |  1  2  3  4  5  6  7  8  9 10 11 |
---------------+----------------------------------+-----
Armour         | 3 4 5 6 |  6.9
Axes           | 2 3 4 5 7 9 11 12 | 12.8
Dodging        | 1 2 3 4 |  4.1
Shields        | 3 4 5 6 |  6.2
Fighting       | 4 5 6 7 8 |  8.8
Stealth        | 2 3 |  3.1
Evocations     | |  0.4

Action                   |  1- 3 |  4- 6 |  7- 9 | 10-12 || total
-------------------------+-------+-------+-------+-------++-------
Melee: War axe           |    65 |   133 |    47 |       ||   245
       Kick              |     3 |    20 |       |       ||    23
       Broad axe         |       |       |   265 |   324 ||   589
Throw: Throwing net      |       |       |       |     1 ||     1
Invok: Curse Item        |       |     2 |     3 |       ||     5
Evoke: Wand              |       |       |     2 |     5 ||     7
  Use: Potion            |     1 |     2 |       |     5 ||     8
       Scroll            |       |    13 |    10 |     3 ||    26
 Stab: Paralysed         |       |       |     6 |       ||     6
       Confused          |       |       |       |     1 ||     1
  Eat: Chunk             |       |     7 |     8 |    10 ||    25
       Ration            |       |       |     1 |     1 ||     2
Armor: Scale mail        |    22 |    68 |   108 |   106 ||   304
Dodge: Dodged            |    31 |    35 |   114 |   169 ||   349
Block: Kite shield       |    40 |    76 |   107 |   150 ||   373
